 Dungeon Crawl Stone Soup version 0.31-a0-690-g7ce4588941 (webtiles) character file.

Game seed: 12954422922894986300

2032 GordonOverkill the Basher (level 9, -2/93 HPs)
             Began as an Ogre Delver on Sept 6, 2023.
             Was an Initiate of Trog.
             Killed from afar by a steam dragon (12 damage)
             ... with a ball of steam
             ... on level 7 of the Dungeon.
             The game lasted 00:12:37 (6999 turns).

GordonOverkill the Basher (Ogre Delver)             Turns: 6999, Time: 00:12:38

Health: -2/93      AC:  3    Str: 22    XL:     9   Next: 24%
Magic:  9/9        EV:  8    Int: 11    God:    Trog [......]
Gold:   176        SH:  6    Dex: 10    Spells: 8/8 levels left

rFire   . . .        j - +2 whip (freeze)
rCold   . . .        f - +0 kite shield
rNeg    . . .        b - +0 robe
rPois   .            (helmet restricted)
rElec   .            (no cloak)
rCorr   .            (gloves unavailable)
SInv    .            (boots unavailable)
Will    .....        (no amulet)
Stlth   ++           (no ring)
HPRegen 0.35/turn    (no ring)
MPRegen 0.11/turn

%: no passive effects
@: no status effects
A: large, unfitting armour, tough skin 1
a: Renounce Religion


You were on level 7 of the Dungeon.
You worshipped Trog.
Trog was noncommittal.
You visited 2 branches of the dungeon, and saw 8 of its levels.

You collected 303 gold pieces.
You spent 127 gold pieces at shops.

Inventory:

Hand Weapons
 j - a +2 whip of freezing (weapon)
 p - a +1 heavy morningstar
Missiles
 k - 8 poisoned darts
 q - 11 boomerangs (quivered)
Armour
 b - a +0 robe (worn)
 f - a +0 kite shield (worn)
Magical Staves
 o - a staff of cold
Wands
 g - a wand of digging (2)
 u - a wand of flame (25)
Scrolls
 a - a scroll of enchant weapon
 c - 2 scrolls of fog
 d - a scroll of silence {unknown}
 h - a scroll of vulnerability
 i - a scroll of amnesia
 l - 2 scrolls of immolation
 m - 2 scrolls of teleportation
 r - a scroll of butterflies
 t - a scroll of revelation
Potions
 e - a potion of degeneration
 n - 5 potions of curing
 s - 2 potions of resistance {unknown}
 w - a potion of attraction


   Skills:
 + Level 7.3 Fighting
 - Level 10.0 Maces & Flails
 - Level 2.0 Throwing
 - Level 1.7 Dodging
 - Level 3.7 Stealth


You had 8 spell levels left.
You didn't know any spells.
Your spell library contained the following spells:

 Spells                   Type           Power      Damage    Failure   Level
 Vhi's Electric Charge    Tloc/Air       0%         N/A       100%        4
 Arcjolt                  Conj/Air       0%         1d10      100%        5
 Maxwell's Capacitive Co  Air            0%         ∞         100%        8


Dungeon Overview and Level Annotations

Branches:
Dungeon (7/15)             Temple (1/1) D:6

Altars:
Cheibriados
Dithmenos
Elyvilon
Fedhas
Hepliaklqana
Kikubaaqudgha
Nemelex Xobeh
Okawaru
Qazlal
Ru
Trog
Uskayaw
Vehumet
Wu Jian
Yredelemnul
Zin

Shops:
D:4 *:?


Innate Abilities, Weirdness & Mutations

You are too large for most types of armour.
You have tough skin. (AC +1)


Message History

You barely miss the steam dragon.
The steam dragon is severely wounded.
You are engulfed in a cloud of scalding steam.
* * * LOW HITPOINT WARNING * * *
The steam dragon bites you.
* * * LOW HITPOINT WARNING * * *
The steam dragon claws you.
* * * LOW HITPOINT WARNING * * *
You hit the steam dragon. You freeze the steam dragon.
The steam dragon is almost dead.
You are engulfed in a cloud of scalding steam.
The steam dragon bites you!
* * * LOW HITPOINT WARNING * * *
The steam dragon closely misses you.
You hit the steam dragon but do no damage.
The steam dragon is almost dead.
You are engulfed in a cloud of scalding steam.
* * * LOW HITPOINT WARNING * * *
The steam dragon breathes steam at you. The ball of steam hits you!
* * * LOW HITPOINT WARNING * * *
You hear a shout!
You hit the steam dragon but do no damage.
The steam dragon is almost dead.
You are engulfed in a cloud of scalding steam.
* * * LOW HITPOINT WARNING * * *
The steam dragon breathes steam at you. The ball of steam misses you.
You hear a shout!
Okay, then.
You hit the steam dragon. You freeze the steam dragon.
The steam dragon is almost dead.
You hit the steam dragon but do no damage.
The steam dragon is almost dead.
The steam dragon bites you but does no damage.
The steam dragon claws you.
* * * LOW HITPOINT WARNING * * *
The steam dragon breathes steam at you. The ball of steam hits you!
You die...

.........# #.. ##
#.#......##....^###
#..........#..Y.....
#...#.......!♣.♣..##
#..................#
.....#.....♣.....♣.#
.....#...#....<....#
.......#.D#.......#..#
.....>..@§##.....##
###.#..#§.#######
#..###... ##..# .$...
#..# ..... #..## .....
#...# #### #<#.# #.#.#


You could see a steam dragon (catching breath).

Vanquished Creatures
  Pikel (D:6)
  Grinder (D:5)
  Eustachio (D:5)
  2 water moccasins
  A black bear (D:5)
  An ogre (D:6)
  A lemure (D:6)
  Blork the orc (D:4)
  A phantom (D:6)
  2 bullfrogs
  A scorpion (D:4)
  A hound (D:5)
  A jelly (D:6)
  4 orc priests
  A sleepcap (D:6)
  3 orc wizards
  Robin (D:2)
  7 adders
  3 white imps (D:6)
  2 ufetubi
  3 dart slugs
  24 orcs
  4 bats
  4 endoplasms
  3 giant cockroaches
  11 goblins
  11 hobgoblins
  4 kobolds
  2 quokkas (D:3)
  7 ball pythons
  5 frilled lizards
  11 rats
  A spectral orc (D:5)
126 creatures vanquished.

Notes
Turn   | Place    | Note
-------+----------+-------------------------------------------
     0 | D:5      | GordonOverkill the Ogre Delver began the quest for the Orb.
     0 | D:5      | Reached XP level 1. HP: 24/24 MP: 1/1
    11 | D:6      | Noticed an orc priest
    11 | D:6      | Noticed an orc wizard
    53 | D:7      | Noticed an ice beast
    53 | D:7      | Noticed a steam dragon
    59 | D:6      | Reached skill level 2 in Maces & Flails
   127 | D:5      | Noticed a bullfrog
   159 | D:5      | Reached XP level 2. HP: 30/32 MP: 2/2
   170 | D:5      | Noticed Grinder
   182 | D:5      | Noticed Eustachio
   189 | D:5      | Noticed a crimson imp
   196 | D:5      | Paralysed by Grinder for 3 turns
   200 | D:5      | Paralysed by Grinder for 3 turns
   211 | D:5      | Paralysed by Grinder for 5 turns
   333 | D:4      | Reached skill level 3 in Maces & Flails
   333 | D:4      | Reached XP level 3. HP: 22/39 MP: 3/3
   349 | D:4      | Reached XP level 4. HP: 27/48 MP: 4/4
   370 | D:4      | Identified the +0 ring mail "Gyvisisi" {Will+ Regen+ Int-2}
   404 | D:3      | Reached skill level 4 in Maces & Flails
  1660 | D:2      | Noticed Robin
  1699 | D:2      | Reached XP level 5. HP: 54/54 MP: 5/5
  1851 | D:2      | Found a faded altar of an unknown god.
  2063 | D:2      | Killed Robin
  2649 | D:3      | Reached skill level 5 in Maces & Flails
  2950 | D:3      | Found a basalt altar of Yredelemnul.
  3002 | D:3      | Reached skill level 1 in Throwing
  3017 | D:3      | Found a sacrificial altar of Ru.
  3023 | D:3      | Found a radiant altar of Vehumet.
  3478 | D:4      | Found Onuq's Magic Scroll Boutique.
  3485 | D:4      | Bought a scroll of identify for 28 gold pieces
  3703 | D:4      | Noticed Blork the orc
  3706 | D:4      | Killed Blork the orc
  3707 | D:4      | Reached XP level 6. HP: 55/62 MP: 6/6
  3830 | D:4      | Found Xodghy's Assorted Antiques.
  3852 | D:4      | Bought a potion of curing for 99 gold pieces
  4019 | D:4      | Reached skill level 6 in Maces & Flails
  4160 | D:4      | Found Kontej's Book Boutique.
  4466 | D:5      | Killed Grinder
  4467 | D:5      | Reached skill level 7 in Maces & Flails
  4467 | D:5      | Reached XP level 7. HP: 46/70 MP: 7/7
  4656 | D:5      | HP: 1/50 [Eustachio/+1 rapier of draining (2)]
  4659 | D:5      | Killed Eustachio
  4921 | D:5      | Reached XP level 8. HP: 12/71 MP: 8/8
  5214 | D:5      | Reached skill level 8 in Maces & Flails
  5359 | D:5      | Found a stormy altar of Qazlal.
  5729 | D:5      | Found a hazy altar of Hepliaklqana.
  5903 | D:6      | Noticed Pikel
  5920 | D:6      | Killed Pikel
  5921 | D:6      | Reached skill level 10 in Maces & Flails
  6275 | D:6      | Reached skill level 5 in Fighting
  6275 | D:6      | Reached XP level 9. HP: 79/88 MP: 9/9
  6445 | D:6      | Found a staircase to the Ecumenical Temple.
  6519 | Temple   | Entered the Ecumenical Temple
  6537 | Temple   | Became a worshipper of Trog the Wrathful
  6560 | D:6      | Found an ancient bone altar of Kikubaaqudgha.
  6561 | D:6      | Found a hide-covered altar of Uskayaw.
  6566 | D:6      | Found a glowing silver altar of Zin.
  6566 | D:6      | Found an ornate altar of the Wu Jian Council.
  6999 | D:7      | Killed from afar by a steam dragon

Illustrated notes

Levels and vault maps discovered:
D:1:      dreamdust_arrival_beginning_and_end, layout_loops_ring, minivault_24,
          minmay_misc_feat_secret_circle
D:2:      layout_basic, ebering_ecumenical_altar_mist, uniq_robin
D:3:      layout_basic, mainiacjoe_overflow_big_doors,
          lemuel_coloured_pillars_altar, gup_sewer_entry_bowl
D:4:      layout_loops_corners, serial_shops, shop,
          nicolae_shop_tiny_statue_garden, nicolae_shop_tiny_real_fake_doors,
          uniq_blork_the_orc
D:5:      layout_basic, nicolae_hepliaklqana_monster_ancestors,
          nicolae_qazlal_general_emergency, uniq_grinder, uniq_eustachio
D:6:      layout_basic, grunt_temple_overflow_open,
          minmay_temple_entry_proselytizer, uniq_pikel
D:7:      layout_rooms, demons_altar, nicolae_tso_besieged_by_evil,
          grunt_ministairs_9, uniq_joseph
Temple:   hellmonk_temple_of_storms

Skill      XL: |  1  2  3  4  5  6  7  8  9 |
---------------+----------------------------+-----
Maces & Flails | 2 3 4 5 7 10 | 10.0
Throwing       | 2 |  2.0
Fighting       | 5 7 |  7.3
Dodging        | |  1.7
Stealth        | |  3.7

Action                     |  1- 3 |  4- 6 |  7- 9 || total
---------------------------+-------+-------+-------++-------
  Melee: Mace              |     3 |       |       ||     3
         Flail             |    14 |   164 |       ||   178
         Morningstar       |       |    95 |    60 ||   155
         Whip              |       |       |    61 ||    61
  Throw: Boomerang         |       |       |    20 ||    20
  Evoke: Wand              |     1 |       |       ||     1
    Use: Scroll            |     2 |     9 |     2 ||    13
         Potion            |     1 |       |     2 ||     3
   Stab: Sleeping          |       |    14 |     1 ||    15
         Distracted        |       |     2 |       ||     2
 Armour: Robe              |     8 |   192 |   107 ||   307
  Dodge: Dodged            |     8 |   115 |    44 ||   167
  Block: Kite shield       |       |    78 |    36 ||   114

Table legend: (Time is in decaauts)
 A = Elapsed time spent in this place.
 B = Non-inter-level travel time spent in this place.
 C = Inter-level travel time spent in this place.
 D = Time resting spent in this place.
 E = Time spent auto-exploring this place.
 F = Levels seen in this place.
 G = Mean time per level.
                   A        B        C        D        E       F      G
               +--------+--------+--------+--------+--------+-----+--------+
         Total |   7175 |   6918 |    257 |   1619 |   3542 |   8 |  896.9 |
       Dungeon |   7138 |   6898 |    240 |   1619 |   3542 |   7 | 1019.7 |
        Temple |     36 |     19 |     17 |      0 |      0 |   1 |   36.0 |
               +--------+--------+--------+--------+--------+-----+--------+

Top non-repeatable levels by time:
     D:5: 1549 daAuts
     D:4: 1409 daAuts
     D:6: 1210 daAuts
     D:2: 1129 daAuts
     D:3: 1097 daAuts
     D:1: 722 daAuts
  Temple: 36 daAuts
     D:7: 20 daAuts
